 Dungeon Crawl Stone Soup version 0.29.0-5-ge4962eb29e (webtiles) character file.

Game seed: 10339395320830155016

3787 unlimited1921 the Thaumaturge (level 10, -3/64 HPs)
             Began as a Djinni Fire Elementalist on Aug 30, 2022.
             Was a Believer of Yredelemnul.
             Killed from afar by Erica (26 damage)
             ... with a lance of force
             ... on level 8 of the Dungeon.
             The game lasted 00:39:20 (14420 turns).

unlimited1921 the Thaumaturge (DjFE)               Turns: 14420, Time: 00:39:21

Health: -3/64      AC:  9    Str:  7    XL:     10   Next: 38%
Gold:   312        EV: 12    Int: 21    God:    Yredelemnul [**....] SH:  0 Dex: 14

rFire   + + .      SeeInvis .   j - +1 dagger (venom)
rCold   x . .      Faith    .   e - orb {*Rage}
rNeg    . . .      Spirit   .   l - +0 leather armour
rPois   ∞          Reflect  .   L - +0 helmet
rElec   .          Harm     .   k - +2 cloak
rCorr   .          Rampage  .   i - +0 pair of gloves
Will    +....      Rage     20% (boots unavailable)
Stlth   ++........              (no amulet)
HPRegen 0.20/turn               (no ring)
MPRegen 0.00/turn               (no ring)

@: flying, slowed, very slow
A: sickness immunity, fire resistance 2, cold vulnerability 1, float, innate
caster, HP casting, extra vitality 1
a: Renounce Religion, Recall Undead Harvest, Dark Bargain


You were on level 8 of the Dungeon.
You worshipped Yredelemnul.
Yredelemnul was noncommittal.
You visited 1 branch of the dungeon, and saw 8 of its levels.

You collected 535 gold pieces.
You spent 223 gold pieces at shops.

Inventory:

Hand Weapons
 c - a +0 hand axe
 g - a +0 dagger of speed
 h - a +1 vampiric short sword
 j - a +1 dagger of venom (weapon)
 C - a +2 quarterstaff of chaos
 D - a +2 hammer of draining
 G - a +0 whip of venom
 J - a +1 dagger of freezing
 P - a +2 whip of flaming
 Q - a +2 vampiric short sword
Missiles
 f - 83 stones
 y - 3 boomerangs
 I - 4 javelins
Armour
 e - an orb of wrath (worn)
 i - a +0 pair of gloves (worn)
 k - a +2 cloak (worn)
 l - a +0 leather armour (worn)
 n - a +0 ring mail
 z - a +0 chain mail of fire resistance
 L - a +0 helmet (worn)
 O - a +1 ring mail of cold resistance
Wands
 t - a wand of mindburst (11)
 F - a wand of polymorph (9)
Scrolls
 b - a scroll of poison
 m - 2 scrolls of fear
 o - a scroll of enchant armour
 q - a scroll of immolation {unknown}
 r - a scroll of fog
 u - 4 scrolls of teleportation
 v - 2 scrolls of enchant weapon
 A - 2 scrolls of blinking
 M - a scroll of vulnerability
 N - a scroll of silence {unknown}
Potions
 a - a potion of lignification {unknown}
 d - a potion of curing
 p - 3 potions of might
 s - 2 potions of magic {unknown}
 w - 2 potions of haste {unknown}
 x - 2 potions of invisibility {unknown}
 B - a potion of berserk rage {unknown}
 E - a potion of degeneration {unknown}
 H - 2 potions of attraction
 K - a potion of brilliance {unknown}


   Skills:
 + Level 2.0 Fighting
 + Level 3.0 Maces & Flails
 + Level 4.4 Armour
 + Level 3.2 Dodging
 + Level 4.1 Stealth
 + Level 9.4 Spellcasting
 + Level 0.2 Invocations


You had 5 spell levels left.
You knew the following spells:

 Your Spells              Type           Power      Damage    Failure   Level
a - Foxfire               Conj/Fire      100%       2x1d9     1%          1
b - Scorch                Fire           98%        2d10      1%          2
c - Conjure Flame         Conj/Fire      49%        6-21      1%          3
d - Inner Flame           Hex/Fire       49%        N/A       1%          3
e - Flame Wave            Conj/Fire      49%        2d12      1%          4
f - Magic Dart            Conj           100%       1d8       1%          1
g - Searing Ray           Conj           98%        2d8       1%          2
h - Dazzling Flash        Conj/Hex       98%        N/A       1%          3
i - Ignite Poison         Fire/Tmut/Pois 49%        N/A       1%          3
Your spell library was empty.

Dungeon Overview and Level Annotations

Branches:
Dungeon (8/15)             Temple (0/1) D:6
   Lair: D:8-11

Altars:
Ashenzari
Cheibriados
Dithmenos
Okawaru
Ru
Yredelemnul

Shops:
D:4 *

Annotations:
D:8 Erica


Innate Abilities, Weirdness & Mutations

You are immune to sickness and miasma.
You are immune to poison.
Your flesh is very heat resistant. (rF++)
You are vulnerable to cold. (rC-)
You float through the air rather than walking.
You learn spells naturally, not from books.
Your magical power is your life essence.
You have superior vitality. (+4 MHP)


Message History

Casting: Scorch (safe; 1% risk of failure)
Confirm with . or Enter, or press ? or * to list all spells.
Flames lash the orc wizard.
The orc wizard is severely wounded.
The orc wizard's fire resistance burns away.
An orc comes into view. It is wielding a +0 flail.
Something hits you! Something burns you.
You swap places.
Your orc zombie misses something.
Something hits your orc zombie. Something burns your orc zombie.
Your orc zombie is destroyed!
Casting: Scorch (safe; 1% risk of failure)
Confirm with . or Enter, or press ? or * to list all spells.
You conjure some foxfire!
The foxfire hits something.
The orc wizard points at you and mumbles some strange words.
The puff of flame hits you. You resist.
You swap places.
You can now trade souls for undead servants.
Your water moccasin zombie bites something.
The orc wizard casts a spell.
The orc wizard flickers and vanishes!
Something hits your water moccasin zombie!
Something burns your water moccasin zombie.
Casting: Foxfire (safe; 1% risk of failure)
Confirm with . or Enter, or press ? or * to list all spells.
There is not enough space to conjure foxfire!
Casting: Foxfire (safe; 1% risk of failure)
Confirm with . or Enter, or press ? or * to list all spells.
You don't know that spell.
You swap places.
Something hits you! Something burns you.
A magic dart appears from out of thin air!
The magic dart hits something!
Something hits you! Something burns you.
You hit something.
You hear some strange, mumbled words.
Something tries to affect you, but you resist.
You barely miss something.
You hear some strange, mumbled words.
A lance of force appears from out of thin air!
The lance of force hits you!!
You die...
Your body rises from the dead as a mindless zombie.

.# #...##....#
.####...##..Z.#
..............# #.#
######.####...######.#
...................#.#
####.######...####.#.#
#...........ZZZZ#.#.#
#.#.###########Z#.#.#
#.#.# #@#.#.# #.#..
#{#.#<# #.#### #{#...#
#.# #o###z# #.# )..
#z# ##.## #.# #.##
....# #.. #..#
....###.# ### ##.#
......[.#. #.#


You could see an orc, a friendly water moccasin zombie, a friendly kobold zombie
and the friendly Psyche the human zombie.

Vanquished Creatures
  The ghost of Jase the Slicer, a novice KoEn of Wu Jian (D:7)
  Psyche (D:8)
  2 steam dragons (D:7)
  3 water moccasins
  An ice beast (D:8)
  A black bear (D:6)
  An orc warrior (D:6)
  2 ogres (D:5)
  2 centaurs
  3 phantoms
  A kobold brigand (D:8)
  2 bullfrogs (D:7)
  2 necrophages
  4 scorpions
  A spectral ogre (D:5)
  5 killer bees (D:8)
  3 howler monkeys
  A hound (D:4)
  3 jellies
  Crazy Yiuf (D:3)
  5 iguanas
  4 orc wizards
  Robin (D:4)
  4 gnolls (D:4)
  2 adders
  A shadow imp (D:7)
  A white imp (D:5)
  3 ufetubi
  A spectral white imp (D:5)
  A worm (D:3)
  3 dart slugs
  22 orcs
  6 endoplasms
  A giant cockroach (D:1)
  18 goblins
  4 hobgoblins
  4 quokkas
  6 ball pythons
  9 bats
  6 frilled lizards
  13 kobolds
  5 rats
160 creatures vanquished.

Vanquished Creatures (collateral kills)
  2 centaurs
  A phantom (D:6)
  A hound (D:6)
  4 goblins (D:4)
  A hobgoblin (D:4)
9 creatures vanquished.

Vanquished Creatures (others)
  2 centaur zombies
  3 killer bee zombies (D:8)
  A howler monkey zombie (D:7)
  An adder zombie (D:4)
  A jelly zombie (D:7)
  A bat zombie (D:3)
  A gnoll zombie (D:4)
  4 goblin zombies (D:4)
  A hobgoblin zombie (D:4)
  4 orc zombies
  368 foxfires
387 creatures vanquished.

Grand Total: 556 creatures vanquished

Notes
Turn   | Place    | Note
-------+----------+-------------------------------------------
     0 | D:1      | unlimited1921 the Djinni Fire Elementalist began the quest
                  | for the Orb.
     0 | D:1      | unlimited1921 set off with the following spells memorised:
                  | Foxfire, Scorch, Conjure Flame, Inner Flame, Flame Wave.
     0 | D:1      | Reached XP level 1. HP: 15/15 MP: 0/0
   157 | D:1      | Reached XP level 2. HP: 5/21 MP: 0/0
   873 | D:1      | Reached skill level 3 in Spellcasting
  1113 | D:1      | Reached XP level 3. HP: 22/25 MP: 0/0
  1113 | D:1      | Learned a level 1 spell: Magic Dart
  2739 | D:2      | Got Taum's Secrets of Aerial Displacement
  2748 | D:2      | Reached XP level 4. HP: 14/31 MP: 0/0
  3073 | D:2      | Reached skill level 4 in Spellcasting
  3481 | D:2      | Reached XP level 5. HP: 33/35 MP: 0/0
  3481 | D:2      | Learned a level 2 spell: Searing Ray
  4417 | D:3      | Found a sacrificial altar of Ru.
  4418 | D:3      | Found a snail-covered altar of Cheibriados.
  4418 | D:3      | Found a basalt altar of Yredelemnul.
  4549 | D:3      | Became a worshipper of Yredelemnul the Dark
  4567 | D:3      | Found a runed translucent door.
  4568 | D:3      | Noticed Crazy Yiuf
  5048 | D:3      | Killed Crazy Yiuf
  5252 | D:4      | Reached skill level 1 in Armour
  5262 | D:4      | Reached XP level 6. HP: 28/40 MP: 0/0
  5536 | D:4      | Found Taqeliv's Assorted Antiques.
  5544 | D:4      | Bought a brown potion for 26 gold pieces
  5544 | D:4      | Bought a black potion for 26 gold pieces
  5544 | D:4      | Bought a scroll labelled ZOSCHA RAENU for 29 gold pieces
  5544 | D:4      | Bought a fizzy coppery potion for 26 gold pieces
  5544 | D:4      | Bought a forked bronze wand for 116 gold pieces
  5593 | D:4      | Reached skill level 5 in Spellcasting
  5593 | D:4      | Reached XP level 7. HP: 27/45 MP: 0/0
  5593 | D:4      | Learned a level 3 spell: Dazzling Flash
  5649 | D:4      | Reached * piety under Yredelemnul
  5729 | D:4      | Reached skill level 1 in Maces & Flails
  6364 | D:4      | Noticed Robin
  6370 | D:4      | Killed Robin
  6693 | D:4      | Found a broken altar of Ashenzari.
  7030 | D:5      | Entered Level 5 of the Dungeon
  7558 | D:5      | Reached XP level 8. HP: 39/50 MP: 0/0
  7838 | D:5      | Reached skill level 6 in Spellcasting
  8194 | D:5      | Found an iron altar of Okawaru.
  8916 | D:5      | Reached ** piety under Yredelemnul
  9548 | D:6      | Reached skill level 7 in Spellcasting
  9846 | D:6      | Reached XP level 9. HP: 47/55 MP: 0/0
  9846 | D:6      | Learned a level 3 spell: Ignite Poison
 10729 | D:6      | Found a shadowy altar of Dithmenos.
 10936 | D:6      | Found a staircase to the Ecumenical Temple.
 12042 | D:7      | Reached skill level 8 in Spellcasting
 12053 | D:7      | Reached skill level 1 in Fighting
 12587 | D:7      | Found a large runed translucent door.
 12587 | D:7      | Found a large runed translucent door.
 12591 | D:7      | Noticed Jase's ghost (novice KoEn)
 12895 | D:7      | Killed Jase's ghost
 12896 | D:7      | Reached XP level 10. HP: 49/63 MP: 0/0
 13442 | D:8      | Noticed a skeletal warrior
 13446 | D:8      | Noticed a skeletal warrior
 13449 | D:8      | Noticed a skeletal warrior
 13450 | D:8      | Noticed a skeletal warrior
 13744 | D:8      | Reached skill level 9 in Spellcasting
 13954 | D:8      | Noticed Psyche
 13975 | D:8      | Killed Psyche
 14406 | D:8      | Noticed Erica
 14408 | D:8      | Reached *** piety under Yredelemnul
 14420 | D:8      | Killed from afar by Erica

Illustrated notes

Levels and vault maps discovered:
D:1:      ebering_hopf_link, layout_basic, serial_corexii_hall,
          chequers_hall_statues_wall_a, chequers_hall_statues_y,
          chequers_hall_statues_corner_a, minmay_misc_feat_five,
          minmay_octomino_c4
D:2:      layout_basic
D:3:      layout_rooms, chequers_temple_overflow_statue_of_worship,
          chequers_serial_rivers_marsh, amcnicky_mini_rare_corridor_liquid,
          hangedman_abyss_or_decor_stabs, amcnicky_mini_pool_small,
          uniq_crazy_yiuf_cottage
D:4:      layout_rooms, mainiacjoe_overflow_catwalk, serial_shops,
          nicolae_shop_statue_plus, roderic_nine_men_s_morris, uniq_robin
D:5:      layout_gridville, okawaru_metal_pillars_1_2, kennysheep_generic_room_5
D:6:      layout_cave_pools, mainiacjoe_overflow_paths,
          minmay_temple_entry_poolview, serial_rivers,
          chequers_serial_rivers_small_3, chequers_serial_rivers_large_b,
          chequers_serial_rivers_micro_d, chequers_serial_rivers_small_b,
          chequers_serial_rivers_small_3, chequers_serial_rivers_room_a,
          minmay_misc_feat_diagonals
D:7:      layout_loops_ring, ebering_ghost_disaster_area, chequers_arboretum
D:8:      layout_basic, uniq_erica, uniq_psyche

Skill      XL: |  1  2  3  4  5  6  7  8  9 10 |
---------------+-------------------------------+-----
Spellcasting   | 3 4 5 7 8 9 |  9.4
Armour         | 2 3 4 |  4.4
Stealth        | 2 3 4 |  4.1
Maces & Flails | 1 2 3 |  3.0
Fighting       | 1 2 |  2.0
Dodging        | 3 |  3.2
Invocations    | |  0.2

Action                   |  1- 3 |  4- 6 |  7- 9 | 10-12 || total
-------------------------+-------+-------+-------+-------++-------
Melee: Mace              |       |     6 |    26 |     7 ||    39
       Short sword       |       |     3 |       |       ||     3
       Dagger            |       |       |       |     3 ||     3
 Cast: Foxfire           |    33 |    40 |   143 |    20 ||   236
       Scorch            |    36 |    24 |    76 |    27 ||   163
       Inner Flame       |       |       |     3 |     3 ||     6
       Ignite Poison     |       |       |       |     1 ||     1
Invok: Dark Bargain      |       |       |     1 |       ||     1
  Use: Scroll            |       |     5 |     4 |     4 ||    13
       Potion            |       |       |       |     4 ||     4
 Stab: Distracted        |       |       |     1 |     1 ||     2
Armor: Leather armour    |     1 |    10 |    29 |    18 ||    58
Dodge: Dodged            |     8 |     4 |    31 |    33 ||    76
